Map: 强酸工厂 - 天梯版

Players

哼我是炳粉上我呀

  • Race: Protoss Protoss
  • League: Master
  • Spawn Location: 11:00

CKinVeRse - Winner!

  • Race: Zerg Zerg
  • League: Master
  • Spawn Location: 5:00

VOD

Have the link to the VOD?

Description

Time

  • Played on: April 7, 2018, 4:17 a.m.
  • Length: 6:47
Show
View Real Time Build Order
Export as new Build Order

哼我是炳粉上我呀 Protoss 

Build Orders: 1 Gate Expand 

Get SALT Encoding   

  12  0:00  Probe  
  13  0:13  Probe  
  14  0:20  Pylon  
  14  0:25  Probe  
  15  0:38  Probe, Gateway  
  16  0:45  Assimilator  
  16  0:50  Probe (Chrono Boost)  
  17  1:02  Probe (Chrono Boost)  
  18  1:09  Probe (Chrono Boost)  
  19  1:17  Probe  
  20  1:28  Nexus  
  20  1:31  Probe  
  21  1:43  Probe  
  21  1:45  Cybernetics Core  
  22  1:52  Assimilator  
  22  1:55  Probe  
  23  2:06  Pylon  
  23  2:22  Stalker (Chrono Boost)  
  23  2:24  Probe (Chrono Boost)  
  23  2:25  Warp Gate  
  25  2:35  Probe (Chrono Boost)  
  26  2:42  Probe x2 (Chrono Boost), Gateway  
  30  2:52  Probe (Chrono Boost)  
  30  2:54  Probe (Chrono Boost)  
  30  2:56  Probe (Chrono Boost)  
  31  2:58  Zealot  
  31  3:02  Probe  
  34  3:07  Probe (Chrono Boost)  
  35  3:19  Probe (Chrono Boost)  
  37  3:20  Probe (Chrono Boost)  
  37  3:22  Pylon  
  37  3:26  Probe (Chrono Boost)  
  39  3:28  Probe (Chrono Boost)  
  39  3:30  Zealot  
  39  3:33  Probe  
  40  3:36  Gateway  
  40  3:38  Probe  
  42  3:42  Assimilator  
  42  3:45  Probe  
  42  3:46  Adept  
  44  3:51  Probe  
  44  3:55  Twilight Council  
  45  3:57  Probe  
  46  4:05  Pylon  
  46  4:07  Pylon, Probe  
  46  4:22  Pylon  
  46  4:25  Robotics Facility, Probe x2  
  46  4:29  Blink (Chrono Boost)  
  48  4:33  Gateway  
  48  4:35  Gateway  
  48  4:38  Gateway  
  48  4:45  Probe x2  
  50  4:48  Gateway  
  50  4:57  Probe x2  
  52  5:01  Pylon  
  52  5:03  Stalker x2  
  56  5:10  Stalker  
  56  5:13  Observer (Chrono Boost)  
  59  5:26  Warp Prism (Chrono Boost)  
  61  5:29  Stalker x3  
  67  5:41  Stalker  
  67  5:42  Stalker  
  69  5:49  Pylon  
  69  5:53  Pylon  
  69  6:00  Cybernetics Core  
  65  6:06  Pylon  
  65  6:08  Pylon  
Show
View Real Time Build Order
Export as new Build Order

CKinVeRse Zerg - Winner!

Build Orders: Hatch First 

Get SALT Encoding   

  12  0:01  Drone  
  13  0:12  Overlord  
  13  0:16  Drone  
  14  0:32  Drone x2  
  16  0:35  Drone  
  17  0:52  Hatchery  
  17  0:55  Drone  
  17  0:57  Drone  
  18  1:08  Extractor  
  17  1:13  Spawning Pool  
  17  1:16  Drone  
  17  1:19  Drone  
  18  1:28  Drone  
  19  1:39  Overlord  
  19  1:49  Drone  
  20  1:59  Queen  
  20  2:01  Zergling x2  
  23  2:03  Queen  
  23  2:04  Zergling x2  
  26  2:09  Metabolic Boost  
  26  2:12  Drone  
  26  2:15  Drone  
  29  2:22  Drone  
  29  2:29  Drone  
  30  2:39  Drone x2  
  30  2:42  Hatchery  
  31  2:49  Queen  
  33  2:53  Overlord  
  33  2:54  Drone  
  34  2:58  Drone  
  34  3:01  Drone  
  36  3:14  Drone  
  36  3:15  Drone x4  
  36  3:19  Overlord  
  42  3:27  Zergling x2  
  42  3:30  Queen  
  42  3:32  Overlord  
  44  3:37  Queen  
  44  3:39  Zergling x2  
  47  3:45  Roach Warren  
  47  3:47  Extractor x2  
  47  3:48  Drone x4  
  48  4:00  Drone x5  
  53  4:13  Queen  
  53  4:15  Overlord  
  55  4:22  Overlord  
  55  4:23  Zergling x12  
  61  4:30  Overlord x2  
  61  4:41  Overlord  
  62  4:45  Roach  
  62  4:46  Roach x3  
  62  4:47  Roach  
  62  4:52  Roach x2  
  74  4:59  Roach x2  
  78  5:08  Roach x3  
  78  5:11  Zergling x2  
  78  5:12  Zergling x6  
  88  5:17  Zergling x6  
  94  5:21  Ravager x3  
  94  5:22  Ravager  
  94  5:23  Ravager  
  94  5:24  Overlord  
  96  5:33  Ravager x2  
  98  5:36  Zergling x10  
  103  5:45  Zergling x12  
  109  5:56  Zergling x4  
  109  5:57  Zergling x6  
  114  6:00  Overlord  
  114  6:04  Overlord  
  114  6:20  Overlord  
  114  6:21  Ravager x3  
  114  6:23  Zergling x12  
Tags
 
Add a new tag
Caveats
  • Supply blocks, unpowered buildings, or Contaminate may cause inaccurate times.
  • Supply counts are checked every 10 seconds.